 Dungeon Crawl Stone Soup version 0.30.1 (webtiles) character file.

Game seed: 10901841361697500815

46 Bloodjewel the Magician (level 3, -4/25 HPs)
             Began as a Djinni Conjurer on July 7, 2023.
             Slain by Natasha (5 damage)
             ... on level 2 of the Dungeon.
             The game lasted 00:03:22 (975 turns).

Bloodjewel the Magician (Djinni Conjurer)            Turns: 975, Time: 00:03:23

Health: -4/25      AC:  2    Str:  6    XL:     3   Next: 92%
Gold:   73         EV: 12    Int: 21    God:
                   SH:  0    Dex: 11

rFire   + + .        d - +1 dagger (speed)
rCold   x . .        (no shield)
rNeg    . . .        a - +0 robe
rPois   ∞            (no helmet)
rElec   .            (no cloak)
rCorr   .            (no gloves)
SInv    .            (boots unavailable)
Will    .....        (no amulet)
Stlth   ++           (no ring)
HPRegen 0.24/turn    (no ring)
MPRegen 0.00/turn

%: infuse magic (-5 HP)
@: attractive, flying
A: sickness immunity, fire resistance 2, cold vulnerability 1, float, innate
caster, HP casting, extra vitality 1
a: no special abilities


You were on level 2 of the Dungeon.
You visited 1 branch of the dungeon, and saw 2 of its levels.

You collected 73 gold pieces.

Inventory:

Hand Weapons
 d - a +1 dagger of speed (weapon)
Armour
 a - a +0 robe (worn)
 g - a +0 leather armour
Jewellery
 i - a ring of fire
Scrolls
 b - a scroll of fog {unknown}
 c - a scroll of magic mapping {unknown}
 f - a scroll of teleportation {unknown}
 h - 2 scrolls of identify {unknown}
 j - a scroll of amnesia {unknown}
Potions
 k - a potion of magic {unknown}
 l - a potion of ambrosia {unknown}


   Skills:
 - Level 2.1 Dodging
 - Level 1.5 Stealth
 + Level 4.2 Spellcasting


You knew the following spells:

 Your Spells              Type           Power      Damage    Failure   Level
a - Magic Dart            Conj           88%        1d7       1%          1
b - Searing Ray           Conj           44%        2d6       3%          2
c - Dazzling Flash        Conj/Hex       44%        N/A       6%          3
d - Fulminant Prism       Conj/Hex       11%        3d9       21%         4
e - Iskenderun's Mystic   Conj/Tloc      22%        2d6       21%         4
f - Necrotise             Necr           88%        1d8       1%          1
Your spell library was empty.

Dungeon Overview and Level Annotations

Branches:
Dungeon (2/15)

Altars:

Shops:
D:2 (

Annotations:
D:2 Natasha


Innate Abilities, Weirdness & Mutations

You are immune to sickness and miasma.
You are immune to poison.
Your flesh is very heat resistant. (rF++)
You are vulnerable to cold. (rC-)
You float through the air rather than walking.
You learn spells naturally, not from books.
Your magical power is your life essence.
You have superior vitality. (+4 MHP)


Message History

The magic dart hits the ball python.
You kill the ball python!
Found a stone staircase leading down.
l - a purple potion You now have 73 gold pieces (gained 9).
Natasha, Servant of Life and Death comes into view.
Natasha hisses angrily.
You hear a shout!
A kobold comes into view. It is wielding a +0 short sword.
Natasha claws you but does no damage.
The magic dart hits Natasha.
Natasha is moderately wounded.
Natasha claws you!
The magic dart hits Natasha but does no damage.
Natasha is moderately wounded.
Natasha claws you!
* * * LOW HITPOINT WARNING * * *
Natasha attacks as you move away! Natasha claws you.
* * * LOW HITPOINT WARNING * * *
It was a potion of attraction.
You feel attractive to monsters. Natasha barely misses you.
Casting: Magic Dart (safe; 1% risk of failure)
Confirm with . or Enter, or press ? or * to list all spells.
Aiming: Searing Ray (safe; 3% risk of failure)
Press: ? - help, Shift-Dir - straight line, f - kobold, p - Natasha
Aim: a kobold, wielding a +0 short sword and quivering stones (72% to hit)
The searing ray misses Natasha.
The searing ray hits the kobold.
The kobold is heavily wounded. (Press . to maintain the ray.)
* * * LOW HITPOINT WARNING * * *
Natasha barely misses you. The kobold is attracted toward you.
The searing ray hits the kobold.
You kill the kobold!
* * * LOW HITPOINT WARNING * * *
Natasha barely misses you.
Casting: Searing Ray (safe; 3% risk of failure)
Confirm with . or Enter, or press ? or * to list all spells.
You don't have enough health to cast this spell.
Natasha attacks as you move away! Natasha claws you.
You die...

#.# ..# #.####
..# #..."## ..#
###...##..#
####.#.#.#..#####
#...............#
#.##.#.#.######.#
#. ##...## #.
#.@...#
##.##h)...#
#>........#
#..##.....# #..
#.....# #..
####### #.. #..
#.#


You could see Natasha.

Vanquished Creatures
  4 dart slugs (D:1)
  3 ball pythons
  2 endoplasms
  3 giant cockroaches (D:1)
  A goblin (D:1)
  4 hobgoblins
  5 kobolds
  2 quokkas (D:1)
  5 bats
  3 frilled lizards (D:1)
  5 rats (D:1)
37 creatures vanquished.

Notes
Turn   | Place    | Note
-------+----------+-------------------------------------------
     0 | D:1      | Bloodjewel the Djinni Conjurer began the quest for the Orb.
     0 | D:1      | Bloodjewel set off with the following spells memorised:
                  | Magic Dart, Searing Ray, Dazzling Flash, Fulminant Prism,
                  | Iskenderun's Mystic Blast.
     0 | D:1      | Reached XP level 1. HP: 15/15 MP: 0/0
    69 | D:1      | Reached XP level 2. HP: 21/21 MP: 0/0
   302 | D:1      | Reached XP level 3. HP: 22/25 MP: 0/0
   302 | D:1      | Learned a level 1 spell: Necrotise
   350 | D:1      | Found a faded altar of an unknown god.
   356 | D:1      | Reached skill level 4 in Spellcasting
   910 | D:2      | Found Kixuih's Weapon Emporium.
   966 | D:2      | Noticed Natasha
   975 | D:2      | Slain by Natasha

Illustrated notes

Levels and vault maps discovered:
D:1:      psy_arrival_radial01, layout_loops_cross,
          hellmonk_ecumenical_altar_crossroads, chequers_big_river
D:2:      minmay_spotlight, layout_loops_ring, serial_shops, shop,
          chequers_serial_rivers_micro_e, uniq_natasha

Skill      XL: |  1  2  3 |
---------------+----------+-----
Spellcasting   | 4 |  4.2
Dodging        | |  2.1
Stealth        | |  1.5

Action                     || total
---------------------------++-------
  Melee: Dagger            ||     1
   Cast: Magic Dart        ||    68
         Searing Ray       ||     1
    Use: Potion            ||     1
   Stab: Sleeping          ||     1
 Armour: Robe              ||     5
  Dodge: Dodged            ||     9
